Maple Leafs vs Blue Jackets

Created - 21 décembre 2012 at 23:26

Goals
1 2 3 OT1 SO T
Maple Leafs 2 1 1 0 0 4
Blue Jackets 2 1 1 0 1 5
Shots
1 2 3 OT1 SO T
Maple Leafs 9 13 8 2 3 32
Blue Jackets 15 8 10 0 2 33

1st period

1. Blue Jackets , Kristian Huselius 4 (Kevin Bieksa, Daymond Langkow) at 10:22 (PP)
2. Maple Leafs , Claude Giroux 12 (Peter Forsberg) at 10:34 (PP)
3. Maple Leafs , Dustin Penner 6 (Claude Giroux, Peter Forsberg) at 10:42
4. Blue Jackets , Sergei Brylin 1 (Greg Campbell, Ben Guite) at 12:08

Penalties :
Ben Guite (Clb) for Tripping (Minor) at 2:38, Dustin Penner (Tor) for Hooking (Minor) at 9:40, Glen Murray (Clb) for Interference (Minor) at 10:32, Brad Boyes (Tor) for Roughing (Double Minor) at 17:24

2nd period

5. Maple Leafs , Peter Forsberg 10 (Stephane Robidas, Claude Giroux) at 3:54
6. Blue Jackets , Glen Murray 10 (Vincent Lecavalier) at 13:08

Penalties :
Glen Murray (Clb) for High sticking (Minor) at 15:21, Brad Boyes (Tor) for High sticking (Minor) at 15:21

3rd period

7. Maple Leafs , Claude Giroux 13 (Zach Parise, Peter Forsberg) at 14:02 (PP)
8. Blue Jackets , Kristian Huselius 5 (Kevin Bieksa, Daymond Langkow) at 19:08 (PP)

Penalties :
Brad Boyes (Tor) for Hooking (Minor) at 5:32, Justin Williams (Clb) for Boarding (Minor) at 7:56, David Booth (Clb) for Hooking (Minor) at 12:51, Dion Phaneuf (Tor) for Holding (Minor) at 15:58, Peter Forsberg (Tor) for Hooking (Minor) at 19:00

Overtime #1

No Goal

Penalties :
No Penalty

Shootout

Penalty Shot by Peter Forsberg for Maple Leafs - Stopped by Brent Johnson
Penalty Shot by Vincent Lecavalier for Blue Jackets - Shot Misses the Net
Penalty Shot by Claude Giroux for Maple Leafs - Stopped by Brent Johnson
Penalty Shot by Glen Murray for Blue Jackets - Goal!
Penalty Shot by Zach Parise for Maple Leafs - Stopped by Brent Johnson

Penalties :
No Penalty

Goalie Stats

Marc-André Fleury (Tor), 29 saves from 33 shots - (0,879), OTL, 7-5-2, 65:00 minutes
Brent Johnson (Clb), 28 saves from 32 shots - (0,875), W, 6-2-0, 64:54 minutes

Players Stats for Maple Leafs

Player Name              G  A  P  +/- PIM S  H  SB GA TA FO     MP     PP MP  PK MP  
------------------------------------------------------------------------------------
Alex Goligoski           0  0  0  -2  0   0  0  3  0  2  0/0    21:55   1:45   3:31 
Andy Hilbert             0  0  0   0  0   0  1  0  0  0  0/0    10:18   0:00   1:37 
Brad Boyes               0  0  0   0  8   2  1  0  0  0  0/0    20:45   2:12   0:26 
Brett Clark              0  0  0   0  0   0  0  0  1  1  0/0    17:38   0:00   3:48 
Claude Giroux            2  2  4   0  0   7  3  0  2  0  1/2    27:18   2:59   5:22 
Derek Roy                0  0  0   0  0   0  1  0  0  1  4/11   14:22   2:12   0:14 
Dion Phaneuf             0  0  0   2  2   2  0  3  0  4  0/0    29:33   3:26   4:08 
Dustin Penner            1  0  1   0  2   3  2  0  0  0  0/0    16:45   2:12   0:00 
Jordan Leopold           0  0  0   0  0   0  1  2  0  1  0/0    16:17   0:00   5:33 
Lasse Kukkonen           0  0  0   0  0   0  0  0  0  0  0/0     2:55   0:00   0:34 
Paul Stastny             0  0  0   0  0   2  1  0  0  0  0/3     9:17   0:00   0:00 
Peter Forsberg           1  3  4   0  2   5  3  1  3  0  23/38  26:47   2:59   5:14 
Rob Niedermayer          0  0  0   0  0   0  1  0  0  0  3/6    13:08   0:00   2:24 
Scott Walker             0  0  0   0  0   1  1  0  0  0  0/0    10:55   0:00   0:00 
Stephane Robidas         0  1  1   2  0   5  0  1  0  1  0/0    22:53   3:26   0:00 
Steve Ott                0  0  0   0  0   2  0  0  3  0  1/1    10:42   0:00   0:00 
Tobias Enstrom           0  0  0  -2  0   2  1  0  0  0  0/0    19:10   1:45   0:00 
Zach Parise              0  1  1   0  0   1  2  2  0  0  0/1    18:30   2:59   2:17 

Players Stats for Blue Jackets

Player Name              G  A  P  +/- PIM S  H  SB GA TA FO     MP     PP MP  PK MP  
------------------------------------------------------------------------------------
Andrew Ebbett            0  0  0   0  0   1  4  0  0  0  0/1    11:25   0:12   0:00 
Ben Guite                0  1  1   1  2   0  0  0  0  0  0/0     9:01   0:12   0:00 
Brad Stuart              0  0  0   1  0   0  1  1  0  0  0/0    20:51   3:10   2:11 
David Booth              0  0  0  -1  2   2  3  1  3  0  0/2    22:40   5:09   1:46 
Daymond Langkow          0  2  2   0  0   4  2  0  1  1  7/13   18:03   3:26   1:09 
Derek Morris             0  0  0  -1  0   0  2  1  2  0  0/0    30:37   5:37   3:00 
Drew Fata                0  0  0   1  0   1  1  0  1  2  0/0    20:51   3:10   2:11 
Glen Murray              1  0  1  -1  4   4  3  0  0  1  0/2    23:34   5:09   3:01 
Greg Campbell            0  1  1   1  0   2  3  0  0  0  3/5    11:02   0:12   0:00 
Jason Ward               0  0  0   0  0   2  2  0  0  1  1/1    15:50   3:26   0:00 
Justin Williams          0  0  0   0  2   1  1  0  0  0  0/1     9:17   0:00   0:00 
Kevin Bieksa             0  2  2  -1  0   3  0  3  0  3  0/0    30:37   5:37   3:00 
Kristian Huselius        2  0  2   0  0   5  1  0  1  0  1/2    16:31   3:26   0:22 
Michael Frolik           0  0  0   0  0   0  1  0  0  0  0/0     9:06   0:00   0:00 
Nick Boynton             0  0  0   0  0   3  0  0  1  0  0/0    13:32   0:00   0:00 
Sergei Brylin            1  0  1   1  0   1  1  0  1  0  1/1    11:34   0:00   1:01 
Shaone Morrisonn         0  0  0   0  0   0  1  0  0  1  0/0    13:32   0:00   0:00 
Vincent Lecavalier       0  1  1  -1  0   4  2  0  0  0  17/34  24:42   5:09   3:03 

3 Stars

1 - Claude Giroux (Tor)
2 - Peter Forsberg (Tor)
3 - Kristian Huselius (Clb)

Power Play

Maple Leafs - 2 on 4 Attempt(s) - 50,00%
Blue Jackets - 2 on 6 Attempt(s) - 33,33%

Penalty Kill

Maple Leafs - 4 on 6 Attempt(s) - 66,67% - Score 0 goal in Penalty Kill
Blue Jackets - 2 on 4 Attempt(s) - 50,00% - Score 0 goal in Penalty Kill

Official

Referees : L'Ecuyer Frederick and O'Halloran Dan
Linesman : Mark Pare and Scott Driscoll

Game Notes

No Game Note

Finance

Level 1 -- Attendance: 4086 (68,10%) -- Ticket Income 408 600 $
Level 2 -- Attendance: 3461 (69,22%) -- Ticket Income 207 660 $
Level 3 -- Attendance: 1404 (70,20%) -- Ticket Income 49 140 $
Level 4 -- Attendance: 4000 (100,00%) -- Ticket Income 80 000 $
Luxury Box -- Attendance: 707 (70,70%) -- Ticket Income 141 400 $
Game was played at the Ohio State Arena
Total Attendance: 13658 (75,88%)
Total Ticket Income: 886 800 $
Total Income: 886 800 $

Maple Leafs

5 vs 5 Forward 
   Center                   Left Wing                Right Wing               Time % Phy DF OF 
 1 Peter Forsberg           Dustin Penner            Claude Giroux            40     1   1  3  
 2 Derek Roy                Zach Parise              Brad Boyes               30     1   2  2  
 3 Rob Niedermayer          Steve Ott                Scott Walker             20     1   3  1  
 4 Paul Stastny             Andy Hilbert             Brad Boyes               10     1   2  2  

5 vs 5 Defense 
   Defense                  Defense                                           Time % Phy DF OF 
 1 Dion Phaneuf             Stephane Robidas                                  40     1   2  2  
 2 Tobias Enstrom           Alex Goligoski                                    30     1   2  2  
 3 Brett Clark              Jordan Leopold                                    20     1   2  2  
 4 Dion Phaneuf             Lasse Kukkonen                                    10     1   2  2  

PowerPlay Forward 
   Center                   Left Wing                Right Wing               Time % Phy DF OF 
 1 Peter Forsberg           Zach Parise              Claude Giroux            60     1   2  2  
 2 Derek Roy                Dustin Penner            Brad Boyes               40     1   2  2  

PowerPlay Defense
   Defense                  Defense                                           Time % Phy DF OF 
 1 Dion Phaneuf             Stephane Robidas                                  60     1   2  2  
 2 Tobias Enstrom           Alex Goligoski                                    40     1   2  2  

Penalty Kill 4 Players Forward 
   Center                   Wing                     Time % Phy DF OF 
 1 Peter Forsberg           Claude Giroux            60     1   2  2  
 2 Zach Parise              Brad Boyes               40     1   2  2  

Penalty Kill 4 Players Defense
   Defense                  Defense                  Time % Phy DF OF 
 1 Dion Phaneuf             Jordan Leopold           60     1   2  2  
 2 Brett Clark              Alex Goligoski           40     1   2  2  

Penalty Kill - 3 Players Forward 
   Forward                                           Time % Phy DF OF 
 1 Peter Forsberg                                    60     1   2  2  
 2 Claude Giroux                                     40     1   2  2  

Penalty Kill - 3 Players Defense
   Defense                  Defense                  Time % Phy DF OF 
 1 Dion Phaneuf             Jordan Leopold           60     1   2  2  
 2 Brett Clark              Alex Goligoski           40     1   2  2  

4 vs 4 Forward 
   Center                   Wing                     Time % Phy DF OF 
 1 Peter Forsberg           Claude Giroux            60     1   2  2  
 2 Zach Parise              Brad Boyes               40     1   2  2  

4 vs 4 Defense
   Defense                  Defense                  Time % Phy DF OF 
 1 Dion Phaneuf             Tobias Enstrom           60     1   2  2  
 2 Brett Clark              Stephane Robidas         40     1   2  2  

Last Minutes Offensive
   Center                   Left Wing                Right Wing               Defense                  Defense                  
   Peter Forsberg           Zach Parise              Claude Giroux            Dion Phaneuf             Tobias Enstrom           

Last Minutes Defensive
   Center                   Left Wing                Right Wing               Defense                  Defense                  
   Peter Forsberg           Zach Parise              Claude Giroux            Dion Phaneuf             Brett Clark              

Goaltenders
Starting : Marc-André Fleury        
Backup : Mike Dunham              

Extra Forwards
Normal : Claude Giroux, Peter Forsberg, Paul Stastny - PP : Brad Boyes, Claude Giroux - PK : Rob Niedermayer
Extra Defensemen
Normal : Tobias Enstrom, Jordan Leopold, Brett Clark - PP : Tobias Enstrom - PK : Jordan Leopold, Brett Clark
Penalty Shots
Peter Forsberg, Claude Giroux, Zach Parise, Brad Boyes, Derek Roy

Blue Jackets

5 vs 5 Forward 
   Center                   Left Wing                Right Wing               Time % Phy DF OF 
 1 Vincent Lecavalier       David Booth              Glen Murray              40     1   2  2  
 2 Daymond Langkow          Kristian Huselius        Jason Ward               30     1   2  2  
 3 Andrew Ebbett            Michael Frolik           Justin Williams          20     1   2  2  
 4 Greg Campbell            Sergei Brylin            Ben Guite                10     1   2  2  

5 vs 5 Defense 
   Defense                  Defense                                           Time % Phy DF OF 
 1 Derek Morris             Kevin Bieksa                                      40     1   2  2  
 2 Brad Stuart              Drew Fata                                         30     1   2  2  
 3 Nick Boynton             Shaone Morrisonn                                  20     1   2  2  
 4 Kevin Bieksa             Derek Morris                                      10     1   2  2  

PowerPlay Forward 
   Center                   Left Wing                Right Wing               Time % Phy DF OF 
 1 Vincent Lecavalier       David Booth              Glen Murray              60     1   2  2  
 2 Daymond Langkow          Kristian Huselius        Jason Ward               40     1   2  2  

PowerPlay Defense
   Defense                  Defense                                           Time % Phy DF OF 
 1 Derek Morris             Kevin Bieksa                                      60     1   2  2  
 2 Brad Stuart              Drew Fata                                         40     1   2  2  

Penalty Kill 4 Players Forward 
   Center                   Wing                     Time % Phy DF OF 
 1 Vincent Lecavalier       Glen Murray              60     1   2  2  
 2 Daymond Langkow          David Booth              40     1   2  2  

Penalty Kill 4 Players Defense
   Defense                  Defense                  Time % Phy DF OF 
 1 Derek Morris             Kevin Bieksa             60     1   2  2  
 2 Brad Stuart              Drew Fata                40     1   2  2  

Penalty Kill - 3 Players Forward 
   Forward                                           Time % Phy DF OF 
 1 Vincent Lecavalier                                60     1   2  2  
 2 Glen Murray                                       40     1   2  2  

Penalty Kill - 3 Players Defense
   Defense                  Defense                  Time % Phy DF OF 
 1 Derek Morris             Kevin Bieksa             60     1   2  2  
 2 Brad Stuart              Drew Fata                40     1   2  2  

4 vs 4 Forward 
   Center                   Wing                     Time % Phy DF OF 
 1 Vincent Lecavalier       Glen Murray              60     1   2  2  
 2 Daymond Langkow          David Booth              40     1   2  2  

4 vs 4 Defense
   Defense                  Defense                  Time % Phy DF OF 
 1 Derek Morris             Kevin Bieksa             60     1   2  2  
 2 Brad Stuart              Drew Fata                40     1   2  2  

Last Minutes Offensive
   Center                   Left Wing                Right Wing               Defense                  Defense                  
   Vincent Lecavalier       David Booth              Glen Murray              Derek Morris             Kevin Bieksa             

Last Minutes Defensive
   Center                   Left Wing                Right Wing               Defense                  Defense                  
   Vincent Lecavalier       David Booth              Glen Murray              Derek Morris             Kevin Bieksa             

Goaltenders
Starting : Brent Johnson            
Backup : Jaroslav Halak           

Extra Forwards
Normal : Andrew Ebbett, Greg Campbell, Sergei Brylin - PP : Andrew Ebbett, Greg Campbell - PK : Sergei Brylin
Extra Defensemen
Normal : Nick Boynton, Kevin Bieksa, Derek Morris - PP : Nick Boynton - PK : Kevin Bieksa, Derek Morris
Penalty Shots
Vincent Lecavalier, Glen Murray, David Booth, Daymond Langkow, Andrew Ebbett

% Time on Ice - Maple Leafs

Lines # - Real PCT - Wanted PCT - Time Play
Normal Forward
1 - 35% - 40% - 15:17
2 - 26% - 30% - 11:12
3 - 24% - 20% - 10:42
4 - 15% - 10% - 6:40
Normal Defense
1 - 37% - 40% - 16:20
2 - 36% - 30% - 15:48
3 - 21% - 20% - 9:22
4 - 5% - 10% - 2:21
PP Forward
1 - 58% - 60% - 2:59
2 - 42% - 40% - 2:12
PP Defense
1 - 66% - 60% - 3:26
2 - 34% - 40% - 1:45
PK Forward
1 - 74% - 60% - 6:30
2 - 26% - 40% - 2:17
PK Defense
1 - 70% - 60% - 6:07
2 - 30% - 40% - 2:40
PK3 Forward
1 - 0% - 60%
2 - 0% - 40%
PK3 Defense
1 - 0% - 60%
2 - 0% - 40%
44 Forward
1 - 75% - 60% - 5:13
2 - 25% - 40% - 1:46
44 Defense
1 - 57% - 60% - 4:00
2 - 43% - 40% - 2:59
Last Minute Offensive  - 0:00
Last Minute Defensive  - 0:12
Total
Forward - 65:00
Defense - 65:00

% Time on Ice - Blue Jackets

Lines # - Real PCT - Wanted PCT - Time Play
Normal Forward
1 - 31% - 40% - 13:26
2 - 29% - 30% - 12:32
3 - 21% - 20% - 9:06
4 - 20% - 10% - 8:44
Normal Defense
1 - 40% - 40% - 17:22
2 - 29% - 30% - 12:52
3 - 28% - 20% - 12:25
4 - 3% - 10% - 1:09
PP Forward
1 - 61% - 60% - 5:21
2 - 39% - 40% - 3:26
PP Defense
1 - 64% - 60% - 5:37
2 - 36% - 40% - 3:10
PK Forward
1 - 78% - 60% - 4:02
2 - 22% - 40% - 1:09
PK Defense
1 - 58% - 60% - 3:00
2 - 42% - 40% - 2:11
PK3 Forward
1 - 0% - 60%
2 - 0% - 40%
PK3 Defense
1 - 0% - 60%
2 - 0% - 40%
44 Forward
1 - 85% - 60% - 5:55
2 - 15% - 40% - 1:04
44 Defense
1 - 62% - 60% - 4:21
2 - 38% - 40% - 2:38
Last Minute Offensive  - 0:15
Last Minute Defensive  - 0:00
Total
Forward - 65:00
Defense - 65:00

Play by Play

1st period


0:01 of 1st period - Peter Forsberg wins face-off versus Vincent Lecavalier in neutral zone.
0:25 of 1st period - Dion Phaneuf is hit by Andrew Ebbett and loses puck.
0:34 of 1st period - Snap shot by Andrew Ebbett.
0:34 of 1st period - Shot Misses the Net.
0:56 of 1st period - Wrist shot by Daymond Langkow.
0:56 of 1st period - Shot Misses the Net.
0:58 of 1st period - Snap shot by Nick Boynton.
0:58 of 1st period - Stopped by Marc-André Fleury without a rebound.
0:59 of 1st period - Greg Campbell wins face-off versus Paul Stastny in Maple Leafs zone.
1:12 of 1st period - Sergei Brylin is hit by Paul Stastny and loses puck.
1:51 of 1st period - Slapshot by Daymond Langkow.
1:51 of 1st period - Stopped by Marc-André Fleury without a rebound.
1:52 of 1st period - Derek Roy wins face-off versus Vincent Lecavalier in Maple Leafs zone.
1:52 of 1st period - Derek Roy is hit by Derek Morris.
2:38 of 1st period - Minor Penalty to Ben Guite for Tripping.
2:39 of 1st period - Vincent Lecavalier wins face-off versus Claude Giroux in Blue Jackets zone.
4:38 of 1st period - Penalty to Ben Guite is over, Ben Guite is back on ice.
4:51 of 1st period - Icing by Rob Niedermayer.
4:52 of 1st period - Rob Niedermayer wins face-off versus Justin Williams in Maple Leafs zone.
5:22 of 1st period - Slapshot by Scott Walker.
5:22 of 1st period - Stopped by Brent Johnson without a rebound.
5:23 of 1st period - Vincent Lecavalier wins face-off versus Paul Stastny in Blue Jackets zone.
5:48 of 1st period - Jason Ward is hit by Peter Forsberg.
5:52 of 1st period - Tobias Enstrom is hit by Jason Ward and loses puck.
6:58 of 1st period - Wrist shot by David Booth.
6:58 of 1st period - Stopped by Marc-André Fleury without a rebound.
6:59 of 1st period - Derek Roy wins face-off versus Daymond Langkow in Maple Leafs zone.
7:08 of 1st period - Wrist shot by Brad Boyes.
7:08 of 1st period - Stopped by Brent Johnson without a rebound.
7:09 of 1st period - Kristian Huselius wins face-off versus Derek Roy in Blue Jackets zone.
7:26 of 1st period - Snap shot by Daymond Langkow.
7:26 of 1st period - Shot Blocked by Dion Phaneuf.
7:28 of 1st period - Slapshot by Kevin Bieksa.
7:28 of 1st period - Shot Blocked by Dion Phaneuf.
7:30 of 1st period - Wrist shot by Daymond Langkow.
7:30 of 1st period - Stopped by Marc-André Fleury with a rebound.
7:32 of 1st period - Wrist shot by Derek Morris.
7:32 of 1st period - Deflect By Daymond Langkow.
7:32 of 1st period - Shot Blocked by Zach Parise.
7:32 of 1st period - Puck is out of play.
7:33 of 1st period - Peter Forsberg wins face-off versus Vincent Lecavalier in Maple Leafs zone.
7:50 of 1st period - Slapshot by Peter Forsberg.
7:50 of 1st period - Stopped by Brent Johnson without a rebound.
7:51 of 1st period - Derek Roy wins face-off versus Daymond Langkow in Blue Jackets zone.
8:06 of 1st period - Wrist shot by Kristian Huselius.
8:06 of 1st period - Stopped by Marc-André Fleury without a rebound.
8:07 of 1st period - Peter Forsberg wins face-off versus Vincent Lecavalier in Maple Leafs zone.
8:14 of 1st period - Derek Morris is hit by Dustin Penner and loses puck.
8:36 of 1st period - Slapshot by Daymond Langkow.
8:36 of 1st period - Shot Blocked by Stephane Robidas.
9:00 of 1st period - Slapshot by Dion Phaneuf.
9:00 of 1st period - Shot Misses the Net.
9:02 of 1st period - Snap shot by Steve Ott.
9:02 of 1st period - Shot Misses the Net.
9:04 of 1st period - Slapshot by Stephane Robidas.
9:04 of 1st period - Stopped by Brent Johnson with a rebound.
9:06 of 1st period - Slapshot by Stephane Robidas.
9:06 of 1st period - Shot Misses the Net.
9:18 of 1st period - Snap shot by Brad Boyes.
9:18 of 1st period - Shot Misses the Net.
9:40 of 1st period - Minor Penalty to Dustin Penner for Hooking.
9:41 of 1st period - Peter Forsberg wins face-off versus David Booth in Maple Leafs zone.
10:07 of 1st period - Icing by Vincent Lecavalier.
10:08 of 1st period - Jason Ward wins face-off versus Peter Forsberg in Blue Jackets zone.
10:13 of 1st period - Derek Morris is hit by Peter Forsberg and loses puck.
10:20 of 1st period - Slapshot by Kevin Bieksa.
10:20 of 1st period - Shot Misses the Net.
10:22 of 1st period - Snap shot by Kristian Huselius.
10:22 of 1st period - Goal by Kristian Huselius - Maple Leafs : 0 - Blue Jackets : 1.
10:23 of 1st period - Vincent Lecavalier wins face-off versus Peter Forsberg in neutral zone.
10:32 of 1st period - Minor Penalty to Glen Murray for Interference.
10:33 of 1st period - Peter Forsberg wins face-off versus Vincent Lecavalier in Blue Jackets zone.
10:34 of 1st period - Snap shot by Claude Giroux.
10:34 of 1st period - Goal by Claude Giroux - Maple Leafs : 1 - Blue Jackets : 1.
10:35 of 1st period - Peter Forsberg wins face-off versus Vincent Lecavalier in neutral zone.
10:40 of 1st period - Backhand shot by Claude Giroux.
10:40 of 1st period - Stopped by Brent Johnson with a rebound.
10:42 of 1st period - Wrist shot by Dustin Penner.
10:42 of 1st period - Goal by Dustin Penner - Maple Leafs : 2 - Blue Jackets : 1.
10:43 of 1st period - Vincent Lecavalier wins face-off versus Peter Forsberg in neutral zone.
11:48 of 1st period - Icing by Ben Guite.
11:49 of 1st period - Steve Ott wins face-off versus Greg Campbell in Blue Jackets zone.
11:53 of 1st period - Icing by Drew Fata.
11:54 of 1st period - Greg Campbell wins face-off versus Peter Forsberg in Blue Jackets zone.
12:01 of 1st period - Tobias Enstrom is hit by Greg Campbell and loses puck.
12:06 of 1st period - Snap shot by Greg Campbell.
12:06 of 1st period - Shot Misses the Net.
12:08 of 1st period - Wrist shot by Sergei Brylin.
12:08 of 1st period - Goal by Sergei Brylin - Maple Leafs : 2 - Blue Jackets : 2.
12:09 of 1st period - Peter Forsberg wins face-off versus Vincent Lecavalier in neutral zone.
12:23 of 1st period - Icing by Dion Phaneuf.
12:24 of 1st period - Peter Forsberg wins face-off versus Daymond Langkow in Maple Leafs zone.
12:31 of 1st period - Wrist shot by Daymond Langkow.
12:31 of 1st period - Shot Misses the Net.
12:39 of 1st period - Snap shot by Daymond Langkow.
12:39 of 1st period - Shot Misses the Net.
13:13 of 1st period - Tobias Enstrom is hit by Michael Frolik and loses puck.
13:46 of 1st period - Snap shot by Peter Forsberg.
13:46 of 1st period - Stopped by Brent Johnson with a rebound.
14:04 of 1st period - Brad Boyes is hit by Glen Murray and loses puck.
15:12 of 1st period - Wrist shot by Glen Murray.
15:12 of 1st period - Stopped by Marc-André Fleury without a rebound.
15:13 of 1st period - Daymond Langkow wins face-off versus Peter Forsberg in Maple Leafs zone.
15:14 of 1st period - Slapshot by Kristian Huselius.
15:14 of 1st period - Stopped by Marc-André Fleury with a rebound.
15:16 of 1st period - Slapshot by Derek Morris.
15:16 of 1st period - Shot Blocked by Alex Goligoski.
15:18 of 1st period - Snap shot by Kevin Bieksa.
15:18 of 1st period - Stopped by Marc-André Fleury with a rebound.
15:22 of 1st period - Wrist shot by Daymond Langkow.
15:22 of 1st period - Shot Misses the Net.
15:24 of 1st period - Snap shot by Jason Ward.
15:24 of 1st period - Stopped by Marc-André Fleury with a rebound.
15:26 of 1st period - Snap shot by Daymond Langkow.
15:26 of 1st period - Shot Misses the Net.
15:28 of 1st period - Snap shot by Kevin Bieksa.
15:28 of 1st period - Stopped by Marc-André Fleury with a rebound.
15:38 of 1st period - David Booth is hit by Scott Walker and loses puck.
16:03 of 1st period - Snap shot by Justin Williams.
16:03 of 1st period - Stopped by Marc-André Fleury with a rebound.
16:21 of 1st period - Dion Phaneuf is hit by Sergei Brylin and loses puck.
16:38 of 1st period - Snap shot by Daymond Langkow.
16:38 of 1st period - Stopped by Marc-André Fleury without a rebound.
16:39 of 1st period - Daymond Langkow wins face-off versus Rob Niedermayer in Maple Leafs zone.
17:13 of 1st period - Wrist shot by Claude Giroux.
17:13 of 1st period - Stopped by Brent Johnson with a rebound.
17:24 of 1st period - Double Minor Penalty to Brad Boyes for Roughing.
17:25 of 1st period - Peter Forsberg wins face-off versus Vincent Lecavalier in Maple Leafs zone.
17:36 of 1st period - Wrist shot by Glen Murray.
17:36 of 1st period - Stopped by Marc-André Fleury without a rebound.
17:37 of 1st period - Vincent Lecavalier wins face-off versus Peter Forsberg in Maple Leafs zone.
17:38 of 1st period - Snap shot by Glen Murray.
17:38 of 1st period - Shot Blocked by Jordan Leopold.
17:40 of 1st period - Slapshot by Kevin Bieksa.
17:40 of 1st period - Shot Misses the Net.
17:44 of 1st period - Snap shot by Vincent Lecavalier.
17:44 of 1st period - Shot Blocked by Dion Phaneuf.
17:46 of 1st period - Slapshot by Kevin Bieksa.
17:46 of 1st period - Shot Blocked by Jordan Leopold.
19:00 of 1st period - Zach Parise is hit by Brad Stuart and loses puck.

2nd period


0:01 of 2nd period - Vincent Lecavalier wins face-off versus Peter Forsberg in neutral zone.
0:14 of 2nd period - Snap shot by Dion Phaneuf.
0:14 of 2nd period - Stopped by Brent Johnson without a rebound.
0:15 of 2nd period - Vincent Lecavalier wins face-off versus Peter Forsberg in Blue Jackets zone.
0:24 of 2nd period - Snap shot by Claude Giroux.
0:24 of 2nd period - Stopped by Brent Johnson without a rebound.
0:25 of 2nd period - Peter Forsberg wins face-off versus Vincent Lecavalier in Blue Jackets zone.
0:36 of 2nd period - Snap shot by Peter Forsberg.
0:36 of 2nd period - Stopped by Brent Johnson without a rebound.
0:37 of 2nd period - Vincent Lecavalier wins face-off versus Peter Forsberg in Blue Jackets zone.
1:24 of 2nd period - Penalty to Brad Boyes is over, Brad Boyes is back on ice.
2:16 of 2nd period - Wrist shot by Peter Forsberg.
2:16 of 2nd period - Stopped by Brent Johnson without a rebound.
2:17 of 2nd period - Peter Forsberg wins face-off versus Daymond Langkow in Blue Jackets zone.
2:18 of 2nd period - Snap shot by Claude Giroux.
2:18 of 2nd period - Shot Misses the Net.
2:20 of 2nd period - Slapshot by Stephane Robidas.
2:20 of 2nd period - Stopped by Brent Johnson without a rebound.
2:21 of 2nd period - Vincent Lecavalier wins face-off versus Peter Forsberg in Blue Jackets zone.
2:48 of 2nd period - Wrist shot by Claude Giroux.
2:48 of 2nd period - Stopped by Brent Johnson with a rebound.
2:50 of 2nd period - Snap shot by Claude Giroux.
2:50 of 2nd period - Shot Misses the Net.
3:02 of 2nd period - Snap shot by Claude Giroux.
3:02 of 2nd period - Shot Blocked by Kevin Bieksa.
3:04 of 2nd period - Snap shot by Peter Forsberg.
3:04 of 2nd period - Deflect By Dustin Penner.
3:04 of 2nd period - Stopped by Brent Johnson with a rebound.
3:06 of 2nd period - Wrist shot by Dustin Penner.
3:06 of 2nd period - Shot Blocked by Kevin Bieksa.
3:08 of 2nd period - Snap shot by Dustin Penner.
3:08 of 2nd period - Stopped by Brent Johnson with a rebound.
3:10 of 2nd period - Snap shot by Dion Phaneuf.
3:10 of 2nd period - Shot Misses the Net.
3:12 of 2nd period - Slapshot by Stephane Robidas.
3:12 of 2nd period - Stopped by Brent Johnson with a rebound.
3:46 of 2nd period - Backhand shot by David Booth.
3:46 of 2nd period - Shot Blocked by Peter Forsberg.
3:54 of 2nd period - Backhand shot by Peter Forsberg.
3:54 of 2nd period - Goal by Peter Forsberg - Maple Leafs : 3 - Blue Jackets : 2.
3:55 of 2nd period - Daymond Langkow wins face-off versus Zach Parise in neutral zone.
4:04 of 2nd period - Snap shot by Kristian Huselius.
4:04 of 2nd period - Shot Misses the Net.
4:20 of 2nd period - Alex Goligoski is hit by Andrew Ebbett and loses puck.
4:39 of 2nd period - Andy Hilbert is hit by Greg Campbell and loses puck.
5:03 of 2nd period - Backhand shot by Jason Ward.
5:03 of 2nd period - Shot Misses the Net.
6:07 of 2nd period - Wrist shot by Ben Guite.
6:07 of 2nd period - Shot Misses the Net.
6:29 of 2nd period - Dion Phaneuf is hit by Drew Fata and loses puck.
7:47 of 2nd period - Slapshot by Kristian Huselius.
7:47 of 2nd period - Stopped by Marc-André Fleury with a rebound.
9:18 of 2nd period - Peter Forsberg is hit by Justin Williams and loses puck.
9:33 of 2nd period - Brad Boyes is hit by David Booth and loses puck.
10:08 of 2nd period - Scott Walker is hit by David Booth and loses puck.
10:57 of 2nd period - Wrist shot by Greg Campbell.
10:57 of 2nd period - Deflect By Ben Guite.
10:57 of 2nd period - Shot Misses the Net.
10:57 of 2nd period - Puck is out of play.
10:58 of 2nd period - Vincent Lecavalier wins face-off versus Derek Roy in Maple Leafs zone.
11:08 of 2nd period - Icing by Alex Goligoski.
11:09 of 2nd period - Peter Forsberg wins face-off versus Vincent Lecavalier in Maple Leafs zone.
11:09 of 2nd period - Peter Forsberg is hit by Glen Murray.
11:19 of 2nd period - Wrist shot by Vincent Lecavalier.
11:19 of 2nd period - Stopped by Marc-André Fleury with a rebound.
11:41 of 2nd period - Slapshot by Dion Phaneuf.
11:41 of 2nd period - Stopped by Brent Johnson with a rebound.
12:03 of 2nd period - Snap shot by Zach Parise.
12:03 of 2nd period - Shot Misses the Net.
12:05 of 2nd period - Wrist shot by Brad Boyes.
12:05 of 2nd period - Shot Misses the Net.
12:19 of 2nd period - Ben Guite is hit by Claude Giroux and loses puck.
12:52 of 2nd period - Wrist shot by Greg Campbell.
12:52 of 2nd period - Stopped by Marc-André Fleury with a rebound.
12:54 of 2nd period - Backhand shot by Sergei Brylin.
12:54 of 2nd period - Shot Misses the Net.
12:56 of 2nd period - Wrist shot by Greg Campbell.
12:56 of 2nd period - Deflect By Steve Ott.
12:56 of 2nd period - Stopped by Marc-André Fleury without a rebound.
12:57 of 2nd period - Vincent Lecavalier wins face-off versus Peter Forsberg in Maple Leafs zone.
13:08 of 2nd period - Snap shot by Glen Murray.
13:08 of 2nd period - Goal by Glen Murray - Maple Leafs : 3 - Blue Jackets : 3.
13:09 of 2nd period - Derek Roy wins face-off versus Glen Murray in neutral zone.
13:37 of 2nd period - Off-side.
13:38 of 2nd period - Peter Forsberg wins face-off versus Daymond Langkow in neutral zone.
14:03 of 2nd period - Derek Roy is hit by Vincent Lecavalier and loses puck.
14:30 of 2nd period - Wrist shot by Steve Ott.
14:30 of 2nd period - Stopped by Brent Johnson with a rebound.
15:21 of 2nd period - Minor Penalty to Glen Murray for High sticking.
15:21 of 2nd period - Minor Penalty to Brad Boyes for High sticking.
15:22 of 2nd period - Peter Forsberg wins face-off versus Vincent Lecavalier in Maple Leafs zone.
16:49 of 2nd period - Derek Morris is hit by Peter Forsberg and loses puck.
17:21 of 2nd period - Penalty to Glen Murray is over, Glen Murray is back on ice.
17:21 of 2nd period - Penalty to Brad Boyes is over, Brad Boyes is back on ice.
18:40 of 2nd period - Icing by Nick Boynton.
18:41 of 2nd period - Daymond Langkow wins face-off versus Derek Roy in Blue Jackets zone.
18:46 of 2nd period - Snap shot by Jason Ward.
18:46 of 2nd period - Stopped by Marc-André Fleury with a rebound.
18:48 of 2nd period - Slapshot by Nick Boynton.
18:48 of 2nd period - Shot Blocked by Zach Parise.
18:50 of 2nd period - Slapshot by Nick Boynton.
18:50 of 2nd period - Stopped by Marc-André Fleury with a rebound.
18:54 of 2nd period - Slapshot by Vincent Lecavalier.
18:54 of 2nd period - Shot Misses the Net.
18:56 of 2nd period - Wrist shot by Vincent Lecavalier.
18:56 of 2nd period - Stopped by Marc-André Fleury without a rebound.
18:57 of 2nd period - Daymond Langkow wins face-off versus Rob Niedermayer in Maple Leafs zone.
19:24 of 2nd period - Tobias Enstrom is hit by David Booth and loses puck.
19:47 of 2nd period - Wrist shot by Paul Stastny.
19:47 of 2nd period - Stopped by Brent Johnson with a rebound.
19:51 of 2nd period - Snap shot by Brad Boyes.
19:51 of 2nd period - Shot Misses the Net.
19:53 of 2nd period - Slapshot by Brad Boyes.
19:53 of 2nd period - Shot Blocked by Kevin Bieksa.

3rd period


0:01 of 3rd period - Vincent Lecavalier wins face-off versus Peter Forsberg in neutral zone.
0:04 of 3rd period - Slapshot by Glen Murray.
0:04 of 3rd period - Stopped by Marc-André Fleury without a rebound.
0:05 of 3rd period - Peter Forsberg wins face-off versus David Booth in Maple Leafs zone.
1:52 of 3rd period - Kevin Bieksa is hit by Rob Niedermayer.
2:08 of 3rd period - Snap shot by Andrew Ebbett.
2:08 of 3rd period - Stopped by Marc-André Fleury with a rebound.
2:10 of 3rd period - Slapshot by Drew Fata.
2:10 of 3rd period - Stopped by Marc-André Fleury without a rebound.
2:11 of 3rd period - Claude Giroux wins face-off versus Vincent Lecavalier in Maple Leafs zone.
3:37 of 3rd period - Icing by Tobias Enstrom.
3:38 of 3rd period - Greg Campbell wins face-off versus Paul Stastny in Maple Leafs zone.
4:05 of 3rd period - Vincent Lecavalier is hit by Claude Giroux and loses puck.
4:29 of 3rd period - Off-side.
4:30 of 3rd period - Vincent Lecavalier wins face-off versus Derek Roy in neutral zone.
4:45 of 3rd period - Snap shot by Zach Parise.
4:45 of 3rd period - Shot Blocked by Derek Morris.
4:54 of 3rd period - Icing by Jason Ward.
4:55 of 3rd period - Peter Forsberg wins face-off versus Daymond Langkow in Blue Jackets zone.
5:32 of 3rd period - Minor Penalty to Brad Boyes for Hooking.
5:33 of 3rd period - Vincent Lecavalier wins face-off versus Peter Forsberg in Maple Leafs zone.
6:12 of 3rd period - Kevin Bieksa is hit by Zach Parise and loses puck.
7:29 of 3rd period - Claude Giroux is hit by Jason Ward and loses puck.
7:32 of 3rd period - Penalty to Brad Boyes is over, Brad Boyes is back on ice.
7:42 of 3rd period - Jason Ward is hit by Claude Giroux and loses puck.
7:56 of 3rd period - Minor Penalty to Justin Williams for Boarding.
7:57 of 3rd period - Vincent Lecavalier wins face-off versus Derek Roy in Blue Jackets zone.
8:32 of 3rd period - Slapshot by David Booth.
8:32 of 3rd period - Shot Misses the Net.
8:34 of 3rd period - Slapshot by Kevin Bieksa.
8:34 of 3rd period - Stopped by Marc-André Fleury without a rebound.
8:35 of 3rd period - Sergei Brylin wins face-off versus Derek Roy in Maple Leafs zone.
9:00 of 3rd period - Derek Morris is hit by Dustin Penner and loses puck.
9:22 of 3rd period - Slapshot by Tobias Enstrom.
9:22 of 3rd period - Shot Blocked by Brad Stuart.
9:24 of 3rd period - Slapshot by Alex Goligoski.
9:24 of 3rd period - Shot Misses the Net.
9:26 of 3rd period - Snap shot by Tobias Enstrom.
9:26 of 3rd period - Stopped by Brent Johnson with a rebound.
9:30 of 3rd period - Wrist shot by Dustin Penner.
9:30 of 3rd period - Shot Misses the Net.
9:32 of 3rd period - Snap shot by Tobias Enstrom.
9:32 of 3rd period - Stopped by Brent Johnson without a rebound.
9:33 of 3rd period - Peter Forsberg wins face-off versus Vincent Lecavalier in Blue Jackets zone.
9:56 of 3rd period - Penalty to Justin Williams is over, Justin Williams is back on ice.
10:42 of 3rd period - Michael Frolik is hit by Brad Boyes and loses puck.
11:06 of 3rd period - Snap shot by Stephane Robidas.
11:06 of 3rd period - Stopped by Brent Johnson without a rebound.
11:07 of 3rd period - Peter Forsberg wins face-off versus Greg Campbell in Blue Jackets zone.
11:08 of 3rd period - Wrist shot by Claude Giroux.
11:08 of 3rd period - Stopped by Brent Johnson with a rebound.
11:38 of 3rd period - Slapshot by Steve Ott.
11:38 of 3rd period - Shot Misses the Net.
11:54 of 3rd period - Snap shot by Ben Guite.
11:54 of 3rd period - Shot Misses the Net.
12:22 of 3rd period - Andy Hilbert is hit by Shaone Morrisonn and loses puck.
12:33 of 3rd period - Snap shot by Greg Campbell.
12:33 of 3rd period - Shot Blocked by Alex Goligoski.
12:35 of 3rd period - Slapshot by Nick Boynton.
12:35 of 3rd period - Shot Misses the Net.
12:39 of 3rd period - Snap shot by Greg Campbell.
12:39 of 3rd period - Shot Blocked by Alex Goligoski.
12:41 of 3rd period - Slapshot by Shaone Morrisonn.
12:41 of 3rd period - Shot Misses the Net.
12:43 of 3rd period - Slapshot by Nick Boynton.
12:43 of 3rd period - Stopped by Marc-André Fleury without a rebound.
12:44 of 3rd period - Peter Forsberg wins face-off versus Vincent Lecavalier in Maple Leafs zone.
12:44 of 3rd period - Peter Forsberg is hit by Glen Murray.
12:51 of 3rd period - Minor Penalty to David Booth for Hooking.
12:52 of 3rd period - Peter Forsberg wins face-off versus Vincent Lecavalier in Blue Jackets zone.
12:59 of 3rd period - Wrist shot by Zach Parise.
12:59 of 3rd period - Stopped by Brent Johnson without a rebound.
13:00 of 3rd period - Vincent Lecavalier wins face-off versus Peter Forsberg in Blue Jackets zone.
14:02 of 3rd period - Wrist shot by Claude Giroux.
14:02 of 3rd period - Goal by Claude Giroux - Maple Leafs : 4 - Blue Jackets : 3.
14:03 of 3rd period - Rob Niedermayer wins face-off versus Kristian Huselius in neutral zone.
14:54 of 3rd period - Peter Forsberg is hit by Andrew Ebbett and loses puck.
15:41 of 3rd period - Snap shot by Vincent Lecavalier.
15:41 of 3rd period - Stopped by Marc-André Fleury with a rebound.
15:58 of 3rd period - Minor Penalty to Dion Phaneuf for Holding.
15:59 of 3rd period - Vincent Lecavalier wins face-off versus Peter Forsberg in Maple Leafs zone.
16:04 of 3rd period - Snap shot by Vincent Lecavalier.
16:04 of 3rd period - Stopped by Marc-André Fleury with a rebound.
16:06 of 3rd period - Snap shot by David Booth.
16:06 of 3rd period - Stopped by Marc-André Fleury with a rebound.
16:08 of 3rd period - Slapshot by Derek Morris.
16:08 of 3rd period - Deflect By David Booth.
16:08 of 3rd period - Shot Misses the Net.
16:08 of 3rd period - Puck is out of play.
16:09 of 3rd period - Peter Forsberg wins face-off versus Vincent Lecavalier in Maple Leafs zone.
16:13 of 3rd period - Off-side.
16:14 of 3rd period - Peter Forsberg wins face-off versus Vincent Lecavalier in neutral zone.
17:21 of 3rd period - Peter Forsberg is hit by Kristian Huselius and loses puck.
17:50 of 3rd period - Vincent Lecavalier is hit by Andy Hilbert and loses puck.
17:58 of 3rd period - Penalty to Dion Phaneuf is over, Dion Phaneuf is back on ice.
18:52 of 3rd period - Kevin Bieksa is hit by Tobias Enstrom and loses puck.
18:59 of 3rd period - Snap shot by Claude Giroux.
18:59 of 3rd period - Shot Blocked by David Booth.
19:00 of 3rd period - Minor Penalty to Peter Forsberg for Hooking.
19:01 of 3rd period - Daymond Langkow wins face-off versus Rob Niedermayer in Maple Leafs zone.
19:02 of 3rd period - Blue Jackets, Brent Johnson is pulled from the net.
19:04 of 3rd period - Wrist shot by Daymond Langkow.
19:04 of 3rd period - Stopped by Marc-André Fleury with a rebound.
19:06 of 3rd period - Slapshot by Kevin Bieksa.
19:06 of 3rd period - Shot Misses the Net.
19:08 of 3rd period - Wrist shot by Kristian Huselius.
19:08 of 3rd period - Goal by Kristian Huselius - Maple Leafs : 4 - Blue Jackets : 4.
19:08 of 3rd period - Brent Johnson from Blue Jackets was sent back in the game.
19:09 of 3rd period - Rob Niedermayer wins face-off versus Andrew Ebbett in neutral zone.
19:22 of 3rd period - Snap shot by Steve Ott.
19:22 of 3rd period - Stopped by Brent Johnson with a rebound.
19:24 of 3rd period - Slapshot by Stephane Robidas.
19:24 of 3rd period - Stopped by Brent Johnson without a rebound.
19:25 of 3rd period - Daymond Langkow wins face-off versus Derek Roy in Blue Jackets zone.
19:25 of 3rd period - Daymond Langkow is hit by Zach Parise.

Overtime #1


0:01 of 1st overtime period - Peter Forsberg wins face-off versus Glen Murray in neutral zone.
0:08 of 1st overtime period - Peter Forsberg is hit by Vincent Lecavalier and loses puck.
0:47 of 1st overtime period - Snap shot by Brad Boyes.
0:47 of 1st overtime period - Stopped by Brent Johnson with a rebound.
1:21 of 1st overtime period - Wrist shot by Paul Stastny.
1:21 of 1st overtime period - Stopped by Brent Johnson with a rebound.
1:27 of 1st overtime period - Paul Stastny is hit by Greg Campbell and loses puck.
2:05 of 1st overtime period - Andrew Ebbett is hit by Derek Roy and loses puck.
2:31 of 1st overtime period - Brad Boyes is hit by Daymond Langkow and loses puck.
2:38 of 1st overtime period - Zach Parise is hit by Daymond Langkow and loses puck.
3:53 of 1st overtime period - Paul Stastny is hit by Andrew Ebbett and loses puck.
4:30 of 1st overtime period - Derek Roy is hit by Derek Morris and loses puck.
4:37 of 1st overtime period - David Booth is hit by Jordan Leopold and loses puck.

ShootOut


5:00 of 1st overtime period - Penalty Shot by Peter Forsberg for Maple Leafs.
5:00 of 1st overtime period - Snap shot by Peter Forsberg.
5:00 of 1st overtime period - Stopped by Brent Johnson.
5:00 of 1st overtime period - Penalty Shot by Vincent Lecavalier for Blue Jackets.
5:00 of 1st overtime period - Deke by Vincent Lecavalier.
5:00 of 1st overtime period - Shot Misses the Net.
5:00 of 1st overtime period - Penalty Shot by Claude Giroux for Maple Leafs.
5:00 of 1st overtime period - Deke by Claude Giroux.
5:00 of 1st overtime period - Stopped by Brent Johnson.
5:00 of 1st overtime period - Penalty Shot by Glen Murray for Blue Jackets.
5:00 of 1st overtime period - Backhand shot by Glen Murray.
5:00 of 1st overtime period - Goal by Glen Murray.
5:00 of 1st overtime period - Penalty Shot by Zach Parise for Maple Leafs.
5:00 of 1st overtime period - Wrist shot by Zach Parise.
5:00 of 1st overtime period - Stopped by Brent Johnson.


Output by the SimonT Hockey Simulator (STHS) for François Prévost -- Original Page W3C XHTML 1.0 Valid
Hockey Simulator - Hockey Simulation - Hockey Manager